 Dungeon Crawl Stone Soup version 0.16.1-2-g95b8d4c (webtiles) character file.

50 MDvedh the Caller (level 3, 0/19 HPs)
             Began as a Gargoyle Summoner on Mar 24, 2015.
             Slain by a giant newt (2 damage)
             ... on level 2 of the Dungeon.
             The game lasted 00:03:34 (1900 turns).

MDvedh the Caller (Gargoyle Summoner)               Turns: 1900, Time: 00:03:34

Health: 0/19       AC:  9    Str: 12    XL:     3   Next: 79%
Magic:  6/6        EV: 10    Int: 15    God:
Gold:   53         SH:  0    Dex: 10    Spells: 1 memorised, 5 levels left

rFire  . . .     SeeInvis .     l - +0 mace
rCold  . . .     Clarity  .     d - +0 ring mail
rNeg   + . .     SustAb   .     (no shield)
rPois  ∞         Gourm    .     (no helmet)
rElec  +         Spirit   .     (no cloak)
rCorr  .         Warding  .     (no gloves)
rMut   .         Stasis   .     (no boots)
MR     .....                    (no amulet)
Stlth  +.........               (no ring)
                                (no ring)

@: not resistant to hostile enchantments, very unstealthy
A: negative energy resistance 1, electricity resistance, unbreathing,
petrification resistance, rot immunity, AC +3
a: no special abilities


You were on level 2 of the Dungeon.
You were not hungry.

You visited 1 branch of the dungeon, and saw 2 of its levels.

You collected 53 gold pieces.

Inventory:

Hand weapons
 l - a +0 mace (weapon)
Armour
 a - a +0 robe
 d - a +0 ring mail (worn)
Jewellery
 h - an uncursed ring of flight {unknown}
Scrolls
 g - 2 scrolls of enchant weapon {unknown}
 j - a scroll of magic mapping {unknown}
 k - a scroll of immolation {unknown}
 n - a scroll of identify {unknown}
Potions
 e - 2 potions of brilliance {unknown}
 o - a potion of mutation {unknown}
Books
 b - a book of Callings

   Spells                             Type                      Level
   a - Summon Small Mammal            Summoning                    1
   b - Call Imp                       Summoning                    2
   c - Call Canine Familiar           Summoning                    3
   d - Summon Guardian Golem          Hexes/Summoning              4
   e - Summon Lightning Spire         Summoning/Air                4
   f - Summon Ice Beast               Ice/Summoning                4
Comestibles
 c - 2 bread rations
 f - a meat ration
 i - 4 fruits
 m - a chunk of flesh


   Skills:
 + Level 3.5 Armour
 - Level 1.5 Dodging
 - Level 2.1 Stealth
 - Level 2.0 Spellcasting
 - Level 3.6 Summonings


You had 5 spell levels left.
You knew the following spells:

 Your Spells              Type           Power        Failure   Level  Hunger
a - Summon Small Mammal   Summ           ##..         12%         1    #......


Dungeon Overview and Level Annotations

Branches:
Dungeon (2/15)

Altars:


Innate Abilities, Weirdness & Mutations

You are resistant to torment.
You are immune to poison.
Your stone body is very resilient (AC +3).
You resist negative energy.
You are resistant to electric shocks.
You can survive without breathing.
You are immune to petrification.
You are immune to rotting.


Message History

The giant newt bites you but does no damage.
The giant newt barely misses you.
You barely miss the giant newt.
The giant newt bites you but does no damage.
You hit the worm.
You kill the worm!
The giant newt bites you.
* * * LOW HITPOINT WARNING * * *
You closely miss the giant newt.
The giant newt bites you but does no damage.
The giant newt completely misses you.
You miss the giant newt. The giant newt bites you.
* * * LOW HITPOINT WARNING * * *
You barely miss the giant newt. The giant newt closely misses you.
You miss the giant newt. The giant newt closely misses you.
The giant newt bites you but does no damage.
You hit the giant newt.
The giant newt is severely wounded.
The giant newt bites you.
You die...

........))....#........###
..............#..........#
##########......####.......#
.#.....####......#..........#
.>+.....#...#................#
..#......<..#............#####
..#.........#...........##
..#..................)..#########
..#............l@.<.....'........
..#............#........#########
..#............#........#
........#......#........#
...######.#....#........# ...#
#.#....#........# #..#
#.######........# #..# #.#
########## #..# #.#


You could see a giant newt.

Vanquished Creatures
  An adder (D:2)
  A worm (D:2)
  2 bats (D:1)
  A giant cockroach (D:2)
  4 hobgoblins
  2 jackals (D:1)
  3 kobolds (D:1)
  2 giant newts (D:1)
  6 goblins
  2 rats (D:1)
24 creatures vanquished.

Vanquished Creatures (collateral kills)
  A gnoll (D:1)
  An ooze (D:1)
  2 goblins (D:1)
4 creatures vanquished.

Vanquished Creatures (others)
  2 bats (D:1)
  A rat (D:1)
3 creatures vanquished.

Grand Total: 31 creatures vanquished

Notes
Turn   | Place    | Note
--------------------------------------------------------------
     0 | D:1      | MDvedh, the Gargoyle Summoner, began the quest for the Orb.
     0 | D:1      | Reached XP level 1. HP: 10/10 MP: 3/3
   383 | D:1      | Reached skill level 1 in Armour
   383 | D:1      | Reached XP level 2. HP: 6/15 MP: 0/4
  1425 | D:1      | Reached XP level 3. HP: 15/19 MP: 6/6
  1900 | D:2      | Slain by a giant newt

Action                   || total
-------------------------++-------
Melee: Unarmed           ||    86
       Mace              ||   117
       Club              ||    16
 Cast: Summon Small Mamm ||    11
  Eat: Chunk             ||     4
